 Dungeon Crawl Stone Soup version 0.25.0-26-g0c896c7088 (webtiles) character file.

Game seed: 16073430306613493399

377 protoss039 the Shield-Bearer (level 6, -5/55 HPs)
             Began as a Minotaur Fighter on July 2, 2020.
             Was an Initiate of Okawaru.
             Slain by Menkaure (20 damage)
             ... on level 5 of the Dungeon.
             The game lasted 00:05:52 (3851 turns).

protoss039 the Shield-Bearer (Minotaur Fighter)     Turns: 3851, Time: 00:05:52

Health: -5/55      AC:  8    Str: 23    XL:     6   Next: 45%
Magic:  5/5        EV:  7    Int: 11    God:    Okawaru [......]
Gold:   157        SH: 10    Dex:  9    Spells: 5/5 levels left

rFire    . . .     SeeInvis .   a - +0 war axe
rCold    . . .     Gourm    .   c - +0 kite shield
rNeg     . . .     Faith    .   b - +0 scale mail
rPois    .         Spirit   .   (helmet restricted)
rElec    .         Reflect  .   w - scarf {repulsion}
rCorr    .         Harm     .   z - +0 pair of gloves (curse)
MR       .....                  (no boots)
Stlth    +.........             (no amulet)
HPRegen  0.18/turn              e - +6 ring of intelligence
MPRegen  0.09/turn              l - ring of stealth

@: repel missiles
A: retaliatory headbutt, horns 2
a: Renounce Religion


You were on level 5 of the Dungeon.
You worshipped Okawaru.
Okawaru was noncommittal.
You were not hungry.

You visited 2 branches of the dungeon, and saw 6 of its levels.

You collected 157 gold pieces.

Inventory:

Hand Weapons
 a - a +0 war axe (weapon)
Armour
 b - a +0 scale mail (worn)
 c - a +0 kite shield (worn)
 w - a scarf of repulsion (worn)
 z - a cursed +0 pair of gloves (worn)
Jewellery
 e - a +6 ring of intelligence (left hand)
 l - a ring of stealth (right hand)
 s - an uncursed ring of stealth
Wands
 v - a wand of flame (28)
Scrolls
 g - 9 scrolls of identify {unknown}
 h - 2 scrolls of amnesia {unknown}
 i - a scroll of blinking {unknown}
 m - 4 scrolls of teleportation {unknown}
 o - 2 scrolls of remove curse {unknown}
 r - 2 scrolls of fear {unknown}
 u - a scroll of enchant weapon {unknown}
 y - a scroll of magic mapping {unknown}
 A - 2 scrolls of immolation {unknown}
Potions
 d - a potion of might
 j - a potion of haste {unknown}
 k - a potion of brilliance {unknown}
 n - 2 potions of ambrosia {unknown}
 p - 2 potions of degeneration {unknown}
 q - a potion of mutation {unknown}
 t - 2 potions of heal wounds {unknown}
Comestibles
 f - 9 rations
 x - 2 chunks of flesh


   Skills:
 + Level 4.9 Fighting
 + Level 5.2 Axes
 + Level 5.2 Armour
 + Level 5.2 Shields
 + Level 0.4 Invocations


You had 5 spell levels left.
You didn't know any spells.
Your spell library was empty.

Dungeon Overview and Level Annotations

Branches:
Dungeon (5/15)             Temple (1/1) D:4

Altars:
Ashenzari
Cheibriados
Dithmenos
Elyvilon
Fedhas
Gozag
Hepliaklqana
Kikubaaqudgha
Makhleb
Nemelex Xobeh
Okawaru
Ru
Sif Muna
Trog
Uskayaw
Vehumet
Wu Jian
Xom
Yredelemnul
Zin
The Shining One

Annotations:
D:5 Menkaure


Innate Abilities, Weirdness & Mutations

You reflexively headbutt those who attack you in melee.
You have a pair of horns on your head.


Message History

Unknown command.
Okay, then.
Okay, then.
Okay, then.
You barely miss Menkaure.
Menkaure is lightly damaged.
Menkaure points at you and mumbles some strange words.
Pain shoots through your body!
Menkaure calls on the powers of darkness!
Your body is wracked with pain!
* * * LOW HITPOINT WARNING * * *
Unknown command.
Unknown command.
You hit Menkaure.
Menkaure is moderately damaged.
You block Menkaure's attack.
You closely miss Menkaure.
Menkaure is moderately damaged.
You block Menkaure's attack. Menkaure hits you!!
You die...

## #.... >. #...
.#...# ##$##...
#.....# .....$.
......# .....#
.#.....
##...##.......
#.............
#M@.......:.
#...<.....).
................
.#.......#......
...##...........
...#......#...(..
..........#......
.......(..# .....
......... .....


You could see Menkaure (fast).

Vanquished Creatures
  2 scorpions (D:4)
  A bullfrog skeleton (D:4)
  An iguana (D:4)
  2 orc wizards (D:4)
  A worker ant (D:4)
  A hound skeleton (D:4)
  5 adders
  5 dart slugs
  2 leopard geckos
  7 orcs (D:4)
  3 giant cockroaches
  8 goblins
  10 hobgoblins
  13 jackals
  3 kobolds
  2 quokkas
  A ball python (D:1)
  5 bats
  4 frilled lizards
  A jackal skeleton (D:4)
  10 rats
87 creatures vanquished.

Notes
Turn   | Place    | Note
-------+----------+-------------------------------------------
     0 | D:1      | protoss039 the Minotaur Fighter began the quest for the
                  | Orb.
     0 | D:1      | Reached XP level 1. HP: 19/19 MP: 0/0
   318 | D:1      | Reached XP level 2. HP: 23/27 MP: 1/1
   736 | D:1      | Reached XP level 3. HP: 33/33 MP: 2/2
  2110 | D:3      | Reached XP level 4. HP: 40/40 MP: 3/3
  2582 | D:3      | Found a sacrificial altar of Ru.
  2582 | D:3      | Found a faded altar of an unknown god.
  2589 | D:3      | Found a faded altar of an unknown god.
  2591 | D:3      | Found a white marble altar of Elyvilon.
  2593 | D:3      | Found a glowing silver altar of Zin.
  2954 | D:4      | Reached XP level 5. HP: 27/47 MP: 4/4
  2960 | D:4      | Found a staircase to the Ecumenical Temple.
  2973 | Temple   | Entered the Ecumenical Temple
  3089 | Temple   | Became a worshipper of Warmaster Okawaru
  3125 | D:4      | Reached skill level 5 in Shields
  3207 | D:4      | Reached skill level 5 in Armour
  3256 | D:4      | Reached XP level 6. HP: 53/53 MP: 5/5
  3325 | D:4      | Reached skill level 5 in Axes
  3842 | D:5      | Entered Level 5 of the Dungeon
  3842 | D:5      | Noticed Menkaure
  3851 | D:5      | Slain by Menkaure

Illustrated notes

Levels and vault maps discovered:
D:1:      heliophobic_arrival_ceremonial_halls, layout_basic
D:2:      layout_basic, kennysheep_another_room
D:3:      minmay_razor_zed, layout_loops_ring,
          chequers_temple_overflow_minitemple, first_ration
D:4:      layout_rooms, minmay_temple_entry_steel_oval, wad_orctagon
D:5:      layout_rooms, uniq_eustachio, uniq_menkaure
Temple:   nicolae_temple_no_exploring_needed

Skill      XL: |  1  2  3  4  5  6 |
---------------+-------------------+-----
Shields        | 4 5 |  5.2
Armour         | 4 5 |  5.2
Fighting       | 4 |  4.9
Axes           | 3 4 5 |  5.2
Invocations    | |  0.4

Action                   |  1- 3 |  4- 6 || total
-------------------------+-------+-------++-------
Melee: War axe           |   106 |   115 ||   221
       Headbutt          |     9 |    11 ||    20
  Eat: Chunk             |     4 |     6 ||    10
Armor: Scale mail        |    49 |    53 ||   102
Dodge: Dodged            |    37 |    43 ||    80
Block: Kite shield       |    83 |    55 ||   138
